 Dungeon Crawl Stone Soup version 0.26.1-11-gd32895ea62 (webtiles) character file.

Game seed: 7057541628525735274

3818 Descartes the Grappler (level 9, -6/72 HPs)
             Began as a Troll Chaos Knight on May 19, 2021.
             Was a Plaything of Xom.
             Killed by divine providence
             ... invoked by an orc priest
              (10 damage)
             ... on level 8 of the Dungeon.
             The game lasted 00:14:40 (6272 turns).

Descartes the Grappler (Troll Chaos Knight)         Turns: 6272, Time: 00:14:41

Health: -6/72      AC:  8    Str: 22      XL:     9   Next: 97%
Magic:  12/12      EV: 13    Int:  9      God:    Xom [*.....]
Gold:   346        SH:  0    Dex: 16 (17) Spells: 5/14 levels left

rFire    . . .     SeeInvis .     - Unarmed
rCold    . . .     Faith    .   (no shield)
rNeg     . . .     Spirit   .   a - +2 robe
rPois    .         Reflect  .   (helmet restricted)
rElec    .         Harm     .   g - scarf {shadows}
rCorr    .         Rampage  .   (gloves unavailable)
Will     +....                  (boots unavailable)
Stlth    +.........             (no amulet)
HPRegen  0.62/turn              b - ring of flight
MPRegen  0.13/turn              L - +6 ring of dexterity

@: berserk cooldown
A: large, unfitting armour, claws 3, deterioration 1, frail 1, strong-willed 1,
regeneration 1, shaggy fur 1, tough skin 3
a: Renounce Religion, Evoke Flight


You were on level 8 of the Dungeon.
You worshipped Xom.
You were a special plaything of Xom.
You visited 2 branches of the dungeon, and saw 9 of its levels.

You collected 346 gold pieces.

Inventory:

Hand Weapons
 x - a +0 giant spiked club
 N - the +0 staff of Battle
   (Xom gifted it to you on level 7 of the Dungeon)
Missiles
 d - 371 stones (quivered)
 j - 83 bolts
 l - 111 sling bullets
 o - 46 poisoned darts
 s - 5 curare-tipped darts
 w - 3 silver boomerangs
 F - 49 arrows
 P - 2 boomerangs
Armour
 a - a +2 robe (worn)
 e - a +0 kite shield
 g - a scarf of shadows (worn)
Jewellery
 b - a ring of flight (left claw)
 z - an uncursed amulet of magic regeneration
 L - a +6 ring of dexterity (right claw)
Wands
 B - a wand of acid (3)
 C - a wand of iceblast (5)
 I - a wand of disintegration (12)
 M - a wand of enslavement (9)
Scrolls
 h - 10 scrolls of remove curse
 n - 3 scrolls of identify
 u - 2 scrolls of immolation
 y - 3 scrolls of fear {unknown}
 A - 2 scrolls of magic mapping {unknown}
 D - 2 scrolls of fog {unknown}
 E - 3 scrolls of enchant armour {unknown}
 G - a scroll of vulnerability {unknown}
 K - a scroll of amnesia {unknown}
 O - a scroll of blinking {unknown}
 Q - a scroll of teleportation
Potions
 c - a potion of haste
 f - 4 potions of heal wounds {unknown}
 i - 3 potions of mutation {unknown}
 k - 2 potions of magic {unknown}
 m - 3 potions of invisibility {unknown}
 p - 3 potions of curing {unknown}
 q - a potion of resistance
 r - a potion of might {unknown}
 t - a potion of lignification
 v - a potion of attraction
 H - 2 potions of flight {unknown}
 J - a potion of degeneration {unknown}


   Skills:
 - Level 2.4 Fighting
 - Level 5.0 Dodging
 + Level 10.4 Unarmed Combat
 + Level 3.2 Spellcasting
 + Level 3.9 Translocations
 + Level 1.0 Transmutations
 + Level 2.4 Evocations


You had 5 spell levels left.
You knew the following spells:

 Your Spells              Type           Power        Failure   Level
a - Blink                 Tloc           N/A          9%          2
b - Passwall              Tmut/Erth      0%           36%         2
c - Alistair's Intoxicat  Tmut/Pois      0%           100%        5

Your spell library contained the following spells:

 Spells                   Type           Power        Failure   Level
 Apportation              Tloc           8%           6%          1
 Lesser Beckoning         Tloc           2%           17%         3
 Magic Dart               Conj           0%           30%         1
 Sandblast                Erth           0%           30%         1
 Call Imp                 Summ           0%           41%         2
 Slow                     Hex            0%           41%         2
 Conjure Flame            Conj/Fire      0%           65%         3
 Mephitic Cloud           Conj/Pois/Air  0%           65%         3
 Stone Arrow              Conj/Erth      0%           65%         3
 Tukima's Dance           Hex            0%           65%         3
 Petrify                  Tmut/Erth      1%           94%         4
 Lee's Rapid Deconstruct  Erth           0%           100%        5
 Invisibility             Hex            0%           100%        6


Dungeon Overview and Level Annotations

Branches:
Dungeon (8/15)             Temple (1/1) D:6
   Lair: D:8-11

Altars:
Ashenzari
Cheibriados
Dithmenos
Hepliaklqana
Kikubaaqudgha
Nemelex Xobeh
Ru
Sif Muna
Trog
Uskayaw
Vehumet
Xom
Yredelemnul
Zin


Innate Abilities, Weirdness & Mutations

You are too large for most types of armour.
You have claws for hands.
Your natural rate of healing is unusually fast.
You are covered in fur. (AC +1)
You have extremely tough skin. (AC +3)
Your body sometimes deteriorates upon taking damage.
You are frail. (-10% HP)
You are strong-willed. (Will+)


Message History

Your Transmutations skill increases to level 1!
The orc priest calls down the wrath of Beogh upon you.
Pain shoots through your body!
Items here: )) [[ †.
The orc priest hits you with a +0 flail!
* * * LOW HITPOINT WARNING * * *
Your body deteriorates!
You feel clumsy.
You see here a +0 hand axe.
The orc priest hits you with a +0 flail.
* * * LOW HITPOINT WARNING * * *
Items here: )) [[ †.
The orc priest invokes the aid of Beogh against you.
Pain shoots through your body!
* * * LOW HITPOINT WARNING * * *
Xom thinks this is hilarious!
Items here: )) [[ ††††.
You feel yourself speed up.
The orc priest calls down the wrath of Beogh upon you.
Beogh smites you!
You die...

#####.# .##...# ######.
.)..########.....
#..............###########
..#...##.......##........###
##.)...#....##..#........$..
...).....##..##.............
......).####.###.....†......
#.......# #...)@)..........
##......# ######o........(o
#.......# #...........
#...≈≈≈≈≈≈≈ ##..........
.≈≈≈≈≈≈≈≈≈≈≈ #.8..8.....
≈≈≈≈≈≈≈≈≈≈≈≈ ≈≈8..8.....
≈≈..≈.


You could see an orc priest.

Vanquished Creatures
  A moth of wrath (D:4)
  Joseph (D:7)
  A hornet (D:8)
  The ghost of knorpule3000 the Chopper, an amateur HuMo of Nemelex Xobeh (D:4)
  3 ice beasts
  A black bear (D:6)
  3 phantoms
  A sky beast (D:7)
  An orc warrior (D:8)
  3 ogres
  A centaur (D:8)
  A lemure (D:8)
  5 bullfrogs
  A scorpion (D:6)
  7 wights
  A centaur zombie (D:7)
  2 hounds
  2 centaur skeletons
  A bullfrog skeleton (D:4)
  A jelly (D:6)
  5 orc wizards
  3 worker ants
  A hound skeleton (D:4)
  2 worker ant zombies
  Robin (D:4)
  6 gnolls
  9 adders
  A river rat (D:4)
  A shadow imp (D:7)
  3 white imps
  2 ufetubi
  2 adder skeletons
  4 worms
  3 dart slugs
  3 leopard geckos
  27 orcs
  5 bats
  2 giant cockroaches
  21 goblins
  13 hobgoblins
  10 jackals
  A quokka (D:4)
  A ball python (D:2)
  6 frilled lizards
  A jackal zombie (D:5)
  11 kobolds
  14 rats
196 creatures vanquished.

Vanquished Creatures (others)
  Pikel (D:8)
  A howler monkey (D:7)
  An orc priest (D:7)
  An ufetubus (D:7)
  A jackal (D:7)
5 creatures vanquished.

Grand Total: 201 creatures vanquished

Notes
Turn   | Place    | Note
-------+----------+-------------------------------------------
     0 | D:1      | Descartes the Troll Chaos Knight began the quest for the
                  | Orb.
     0 | D:1      | Reached XP level 1. HP: 22/22 MP: 0/0
    37 | D:1      | XOM: potion effect (might)
    93 | D:1      | XOM: divination: detect items
   104 | D:1      | XOM: butterfly on damage
   107 | D:1      | Reached XP level 2. HP: 24/29 MP: 1/1
   127 | D:1      | XOM: divination: magic mapping
   344 | D:1      | Reached skill level 4 in Unarmed Combat
   468 | D:1      | Reached XP level 3. HP: 36/36 MP: 2/2
   535 | D:1      | XOM: noise
   623 | D:1      | XOM: cloud trail
   754 | D:2      | Found a shadowy altar of Dithmenos.
   754 | D:2      | Noticed an ice beast
   764 | D:2      | Killed an ice beast
   765 | D:2      | Reached skill level 5 in Unarmed Combat
   765 | D:2      | Reached XP level 4. HP: 34/44 MP: 3/3
   812 | D:2      | Found a hide-covered altar of Uskayaw.
   875 | D:2      | Reached XP level 5. HP: 50/50 MP: 4/4
  1358 | D:2      | Reached skill level 6 in Unarmed Combat
  1509 | D:3      | Found a faded altar of an unknown god.
  1826 | D:4      | Noticed a phantom
  1848 | D:4      | XOM: destruction
  1853 | D:4      | Killed a phantom
  1854 | D:4      | Reached XP level 6. HP: 57/59 MP: 5/5
  1886 | D:4      | XOM: cloud trail
  1977 | D:4      | Noticed Robin
  1992 | D:4      | Killed Robin
  2335 | D:4      | XOM: noise
  2367 | D:4      | XOM: 3-stop teleportation journey
  2371 | D:4      | Found a runed translucent door.
  2375 | D:4      | XOM: cast spell 'Shadow Creatures'
  2383 | D:4      | Reached skill level 7 in Unarmed Combat
  2383 | D:4      | Reached XP level 7. HP: 49/66 MP: 6/6
  2397 | D:4      | Noticed knorpule3000's ghost (amateur HuMo)
  2422 | D:4      | XOM: silly message
  2429 | D:4      | Killed knorpule3000's ghost
  2464 | D:4      | Found a runed translucent door.
  2485 | D:4      | Noticed a moth of wrath
  2487 | D:4      | XOM: blink monster(s)
  2494 | D:4      | Killed a moth of wrath
  2495 | D:4      | Reached skill level 5 in Dodging
  2495 | D:4      | Reached skill level 8 in Unarmed Combat
  2495 | D:4      | Reached XP level 8. HP: 54/74 MP: 7/7
  2502 | D:4      | Found a bloodstained altar of Trog.
  2971 | D:4      | XOM: give mutations
  2971 | D:4      | Gained mutation: You are frail. (-10% HP) [Xom's mischief]
  2971 | D:4      | Gained mutation: You evolve. [Xom's mischief]
  2971 | D:4      | Gained mutation: Your body sometimes deteriorates upon
                  | taking damage. [Xom's mischief]
  3016 | D:5      | Entered Level 5 of the Dungeon
  3129 | D:5      | XOM: confuse monster(s)
  3143 | D:5      | Learned a level 2 spell: Blink
  3188 | D:5      | Found a hazy altar of Hepliaklqana.
  3190 | D:5      | Found an ancient bone altar of Kikubaaqudgha.
  3549 | D:5      | XOM: confuse monster(s)
  3552 | D:5      | XOM: god gift: scroll labelled ZUEPSOESUH {god gift}
  3559 | D:5      | Reached skill level 9 in Unarmed Combat
  3567 | D:5      | XOM: 1-stop teleportation journey
  3785 | D:5      | You fall into a shaft and drop 1 floor!
  3800 | D:6      | Reached skill level 1 in Translocations
  3814 | D:6      | XOM: scenery: summon butterflies
  3843 | D:6      | Reached skill level 1 in Spellcasting
  4255 | D:6      | Found a staircase to the Ecumenical Temple.
  4265 | Temple   | Entered the Ecumenical Temple
  4527 | D:6      | XOM: god gift: weird smoking staff {god gift}
  4757 | D:6      | XOM: divination: magic mapping
  5098 | D:7      | Found a shimmering altar of Xom.
  5109 | D:7      | Reached XP level 9. HP: 46/72 MP: 10/10
  5121 | D:7      | XOM: blink monster(s)
  5286 | D:7      | XOM: silly message
  5462 | D:7      | Found a shimmering altar of Xom.
  5520 | D:7      | XOM: silly message
  5616 | D:7      | Gained mutation: You are strong-willed. (Will+) [evolution]
  5616 | D:7      | Lost mutation: You evolve. [end of evolution]
  5623 | D:7      | XOM: god gift: +0 staff of Battle
  5624 | D:7      | Found the +0 staff of Battle
  5808 | D:7      | XOM: stat loss: -1 Int (8/9)
  5809 | D:7      | XOM: chaos cloud
  5885 | D:7      | Noticed Joseph
  5894 | D:7      | Killed Joseph
  5895 | D:7      | Reached skill level 10 in Unarmed Combat
  5895 | D:7      | Reached skill level 1 in Evocations
  5900 | D:7      | XOM: blink monster(s)
  6042 | D:7      | XOM: summons 1 hostile demon
  6106 | D:8      | XOM: potion effect (might)
  6160 | D:8      | Learned a level 2 spell: Passwall
  6166 | D:8      | Learned a level 5 spell: Alistair's Intoxication
  6206 | D:8      | XOM: silly message
  6207 | D:8      | Noticed Pikel
  6227 | D:8      | XOM: potion effect (heal wounds)
  6228 | D:8      | XOM: smoke on damage
  6232 | D:8      | XOM: potion effect (berserk rage)
  6233 | D:8      | Paralysed by a hornet for 2 turns
  6234 | D:8      | XOM: confusion (+ monsters)
  6245 | D:8      | Killed Pikel
  6268 | D:8      | Reached skill level 1 in Transmutations
  6271 | D:8      | HP: 3/72 [orc priest/nerve-wracking pain (9)]
  6272 | D:8      | Killed from afar by an orc priest

Illustrated notes

Levels and vault maps discovered:
D:1:      dpeg_arrival_rooms_b, layout_loops_ring
D:2:      layout_basic, marbit_many_paths, overflow_temple_1_default,
          minmay_tetromino_o2
D:3:      layout_rooms, chequers_ecumenical_altar_simple_redux
D:4:      layout_basic, ebering_ghost_sewer_f, tgw_trog, uniq_robin
D:5:      layout_gridville, chequers_temple_overflow_statue_of_worship
D:6:      layout_basic, minmay_temple_entry_crystal_x, item_on_display_a
D:7:      layout_basic, kennysheep_little_box, xom_confusion_cloud, uniq_joseph
D:8:      wander_river, layout_rooms, minitemple, fedhas_bush_and_centaur_altar,
          uniq_pikel
Temple:   compressed_dpeg_triangle_lava_temple

Skill      XL: |  1  2  3  4  5  6  7  8  9 |
---------------+----------------------------+-----
Unarmed Combat | 4 5 6 7 8 9 10 | 10.4
Dodging        | 2 3 5 |  5.0
Translocations | 2 3 |  3.9
Spellcasting   | 1 3 |  3.2
Evocations     | 2 |  2.4
Transmutations | 1 |  1.0
Fighting       | |  2.4

Action                   |  1- 3 |  4- 6 |  7- 9 || total
-------------------------+-------+-------+-------++-------
Melee: Unarmed           |    90 |   181 |   299 ||   570
       Punch             |       |     3 |    13 ||    16
  Use: Scroll            |     1 |     6 |       ||     7
 Stab: Sleeping          |     1 |       |     2 ||     3
       Distracted        |       |       |     1 ||     1
       Confused          |       |       |     2 ||     2
Armor: Robe              |    53 |    69 |    58 ||   180
Dodge: Dodged            |    56 |    76 |   145 ||   277
